 Dungeon Crawl Stone Soup version 0.32-a0-643-ga006e7742e (webtiles) character file.

Game seed: 7417172426338141156

6036 lupinibeans the Grappler (level 10, -2/81 HPs)
             Began as a Purple Draconian Shapeshifter on Mar 7, 2024.
             Was a Priest of Trog.
             Shot with an arrow by a centaur warrior (17 damage)
             ... on level 9 of the Dungeon.
             The game lasted 00:33:15 (8937 turns).

lupinibeans the Grappler (DrSh)                     Turns: 8937, Time: 00:33:16

Health: -2/81      AC: 11    Str: 28    XL:     10   Next: 56%
Magic:  10/10      EV: 13    Int:  6    God:    Trog [***...]
Gold:   216        SH:  0    Dex: 10    Spells: 9/9 levels left

rFire   . . .        x - +10 quarterstaff of the Unseen Realm {speed, Will++ rCorr Int-4 Stlth+}
rCold   . . .        (shield currently unavailable)
rNeg    . . .        (body armour unavailable)
rPois   .            (helmet currently unavailable)
rElec   .            (cloak currently unavailable)
rCorr   +            (gloves currently unavailable)
SInv    .            (boots currently unavailable)
Will    +++..        (no amulet)
Stlth   ++           H - +4 ring of protection
HPRegen 0.33/turn    p - +6 ring of strength
MPRegen 0.12/turn

%: no passive effects
@: beast-form
A: beast (slay +4), nullifying breath, AC +7, unfitting armour, cold-blooded
a: Nullifying Breath, Begin Untransformation, Renounce Religion, Berserk, Trog's
Hand


You were on level 9 of the Dungeon.
You worshipped Trog.
Trog was most pleased with you.
You were a hulking beast.
You visited 1 branch of the dungeon, and saw 9 of its levels.

You collected 472 gold pieces.
You spent 256 gold pieces at shops.

Inventory:

Hand Weapons
 o - a +0 dagger
 x - the +10 quarterstaff of the Unseen Realm (weapon) {speed, Will++ rCorr Int-4 Stlth+}
   (You found it on level 5 of the Dungeon)

   Int-4:     It affects your intelligence (-4).
   Will++:    It greatly increases your willpower.
   rCorr:     It protects you from acid and corrosion.
   Stlth+:    It makes you more stealthy.
 F - a +0 war axe
Missiles
 t - 3 javelins (quivered)
 y - 2 boomerangs
 E - 3 poisoned darts
Armour
 k - the +2 pair of boots of Fedhas, Stopping {Harm rPois Int+3 Dex-5}
   (You found it on level 3 of the Dungeon)

   Int+3:     It affects your intelligence (+3).
   Dex-5:     It affects your dexterity (-5).
   rPois:     It protects you from poison.
   Harm:      It increases damage dealt and taken.
 r - a +0 pair of boots
Jewellery
 d - a +6 ring of intelligence
 e - a ring of resist corrosion
 l - a ring of positive energy
 p - a +6 ring of strength (right hand)
 u - a ring of positive energy
 H - a +4 ring of protection (left hand)
Talismans
 b - a beast talisman (active)
 c - a flux talisman
Wands
 v - a wand of flame (11)
 w - a wand of polymorph (3)
 A - a wand of light (10)
 C - a wand of iceblast (8)
 G - a wand of paralysis (15)
Scrolls
 g - a scroll of enchant armour {unknown}
 i - a scroll of poison {unknown}
 m - 2 scrolls of immolation {unknown}
 s - a scroll of fear {unknown}
 z - 4 scrolls of amnesia
 B - 4 scrolls of teleportation
Potions
 a - 2 potions of lignification
 f - 8 potions of curing
 h - a potion of mutation
 j - a potion of brilliance {unknown}
 n - a potion of berserk rage {unknown}
 q - 3 potions of heal wounds
 D - a potion of ambrosia {unknown}


   Skills:
 + Level 5.4 Fighting
 + Level 8.3 Staves
 + Level 5.3 Dodging
 - Level 8.7 Unarmed Combat
 * Level 8.1 Shapeshifting


You had 9 spell levels left.
You didn't know any spells.
Your spell library contained the following spells:

 Spells                   Type           Power      Damage    Failure   Level
 Magic Dart               Conj           0%         1d3       45%         1
 Flame Wave               Conj/Fire      0%         2d4       99%         4
 Fulminant Prism          Conj/Alch      0%         3d5       99%         4


Dungeon Overview and Level Annotations

Branches:
Dungeon (9/15)             Temple (0/1) D:7
   Lair: D:8-11         Orc: D:9-12

Altars:
Ashenzari
Cheibriados
Dithmenos
Fedhas
Kikubaaqudgha
Makhleb
Nemelex Xobeh
Okawaru
Qazlal
Sif Muna
Trog
Xom
The Shining One

Shops:
D:4 [   D:5 :!**


Innate Abilities, Weirdness & Mutations

You are a hulking beast.
Your limbs bulge with bestial killing power. (Slay +4)
You can breathe blasts of antimagic.
Your rich purple scales are hard. (AC +7)
You cannot fit into any form of body armour.
You are cold-blooded and may be slowed by cold attacks.


Message History

The boulder beetle is severely wounded.
The boulder beetle bites you!
You sock the boulder beetle!
The boulder beetle is almost dead.
You hit the boulder beetle.
You kill the boulder beetle!
Trog accepts your kill.
You feel power welling in your lungs.
Your Staves skill increases to level 8!
Your Shapeshifting skill increases to level 8!
E - 3 poisoned darts (gained 1)
Found a cabochon ring.
H - a +4 ring of protection You remove your ring of positive energy.
H - a +4 ring of protection (left hand)
The centaur warrior shouts!
The centaur warrior shoots an arrow.
The arrow barely misses you.
The centaur warrior shoots an arrow.
The arrow barely misses you.
You hear a shout!
You throw a javelin.
The javelin pierces through the centaur warrior!
The centaur warrior is moderately wounded.
The centaur warrior shoots an arrow.
The arrow hits you!
The centaur warrior shoots an arrow.
The arrow hits you!
The centaur warrior shoots an arrow.
The arrow closely misses you.
The centaur warrior shoots an arrow.
The arrow hits you!
Aiming: Nullifying Breath
Press: ? - help, Shift-Dir - straight line, f/p - centaur warrior
Aim: a centaur warrior, wielding a +0 shortbow (moderately wounded)
You breathe a sphere of nullifying energy.
The antimagic surges outward!
The nullifying energy engulfs the centaur warrior!
The centaur warrior is heavily wounded.
The centaur warrior shoots an arrow.
The arrow hits you!
The centaur warrior shoots an arrow.
The arrow hits you!!
* * * LOW HITPOINT WARNING * * *
The centaur warrior shoots an arrow.
The arrow hits you!
* * * LOW HITPOINT WARNING * * *
You feel better.
The centaur warrior shoots an arrow.
The arrow hits you!
You die...

...### #############...#
#....#...........
#....#...........
#....#........... .
#....#........... ..Q
#....#...........
##(..###..###.###..##..#
...c...h......#....#....
..............#....#....
..............#....#....
..............#....#....
..............#....#....
########################


You could see a centaur warrior and a tengu conjurer (wandering).

Vanquished Creatures
  A boulder beetle (D:9)
  Maggie (D:6)
  Prince Ribbit (D:6)
  Grinder (D:4)
  A wyvern (D:9)
  4 yaks (D:9)
  A wraith (D:9)
  3 steam dragons
  A water moccasin (D:6)
  2 ice beasts
  An orc warrior (D:8)
  A sky beast (D:8)
  2 black bears
  3 ogres
  2 centaurs (D:8)
  2 phantoms
  5 bullfrogs
  2 gnoll sergeants
  4 scorpions
  A burial acolyte (D:6)
  9 killer bees
  2 howler monkeys (D:8)
  3 bombardier beetles
  A quasit (D:8)
  A jelly (D:5)
  6 orc priests
  A gnoll bouda (D:4)
  7 hounds
  2 iguanas
  4 orc wizards
  12 gnolls
  5 adders
  4 shadow imps
  2 white imps
  8 ufetubi
  3 adder zombies (D:6)
  4 dart slugs
  2 ribbon worms
  21 orcs
  9 ball pythons
  7 endoplasms
  2 giant cockroaches
  11 goblins
  11 hobgoblins
  3 quokkas
  5 bats
  10 kobolds
  3 rats
197 creatures vanquished.

Notes
Turn   | Place    | Note
-------+----------+-------------------------------------------
     0 | D:1      | lupinibeans the Draconian Shapeshifter began the quest for
                  | the Orb.
     0 | D:1      | Reached XP level 1. HP: 16/16 MP: 1/1
   118 | D:1      | Reached XP level 2. HP: 23/23 MP: 2/2
   310 | D:1      | Reached XP level 3. HP: 28/28 MP: 3/3
   316 | D:1      | Got the Compilation of Arcane Combat
   872 | D:2      | Found a faded altar of an unknown god.
   891 | D:2      | Found a faded altar of an unknown god.
   899 | D:2      | Prayed at the altar of an unknown god.
   899 | D:2      | Became a worshipper of Trog the Wrathful
   899 | D:2      | Reached * piety under Trog
  1344 | D:3      | Reached XP level 4. HP: 33/35 MP: 4/4
  1436 | D:3      | Noticed an ogre
  1441 | D:3      | Killed an ogre
  1442 | D:3      | Reached XP level 5. HP: 21/40 MP: 5/5
  1533 | D:3      | Identified the +2 pair of boots of Fedhas, Stopping {Harm
                  | rPois Int+3 Dex-5}
  1543 | D:3      | Noticed an ogre
  1547 | D:3      | Killed an ogre
  1548 | D:3      | Reached skill level 5 in Unarmed Combat
  1548 | D:3      | Reached XP level 6. HP: 47/47 MP: 6/6
  2454 | D:4      | Noticed Grinder
  2459 | D:4      | Killed Grinder
  2460 | D:4      | Your scales start taking on a rich purple colour.
  2460 | D:4      | Reached XP level 7. HP: 52/52 MP: 7/7
  2542 | D:4      | Reached skill level 5 in Shapeshifting
  2595 | D:4      | Found Hutwelacremp's Armour Shoppe.
  2959 | D:4      | Reached ** piety under Trog
  3194 | D:5      | Entered Level 5 of the Dungeon
  3204 | D:5      | Found a snail-covered altar of Cheibriados.
  3498 | D:5      | Found Qejewi's Distillery.
  3530 | D:5      | Reached XP level 8. HP: 57/61 MP: 8/8
  3835 | D:5      | Found Nustrog's Assorted Antiques.
  3927 | D:5      | Bought a fluorescent wand for 128 gold pieces
  3927 | D:5      | Bought a worn silver wand for 128 gold pieces
  3945 | D:5      | Found Huacs's Assorted Antiques.
  3954 | D:5      | Found a burning altar of Makhleb.
  3954 | D:5      | Found a shadowy altar of Dithmenos.
  3990 | D:5      | Identified the +10 quarterstaff of the Unseen Realm {speed,
                  | Will++ rCorr Int-4 Stlth+}
  4142 | D:5      | Found Ecee's Book Boutique.
  4518 | D:6      | Reached skill level 1 in Staves
  4988 | D:6      | Found an ancient bone altar of Kikubaaqudgha.
  5165 | D:6      | Noticed Prince Ribbit
  5172 | D:6      | Killed Prince Ribbit
  5173 | D:6      | Reached XP level 9. HP: 69/69 MP: 9/9
  5378 | D:6      | Noticed Maggie
  5398 | D:6      | Killed Maggie
  5660 | D:6      | Found a broken altar of Ashenzari.
  6142 | D:7      | Reached skill level 5 in Staves
  6294 | D:7      | Found a shimmering blue altar of Sif Muna.
  6309 | D:7      | Found a blossoming altar of Fedhas.
  6342 | D:7      | Reached *** piety under Trog
  6440 | D:7      | Found a staircase to the Ecumenical Temple.
  6734 | D:7      | Found a glowing golden altar of the Shining One.
  7050 | D:8      | Found an iron altar of Okawaru.
  7128 | D:8      | Found a shimmering altar of Xom.
  7214 | D:8      | Reached XP level 10. HP: 68/80 MP: 10/10
  7503 | D:8      | Found a sparkling altar of Nemelex Xobeh.
  7789 | D:8      | Found a bloodstained altar of Trog.
  7821 | D:8      | Found a stormy altar of Qazlal.
  8629 | D:9      | Reached skill level 5 in Dodging
  8631 | D:9      | Reached skill level 5 in Fighting
  8695 | D:9      | Noticed a centaur warrior
  8695 | D:9      | Noticed a boulder beetle
  8695 | D:9      | Noticed a manticore
  8695 | D:9      | Noticed a tengu warrior
  8862 | D:9      | Killed a boulder beetle
  8937 | D:9      | Shot with an arrow by a centaur warrior

Illustrated notes

Levels and vault maps discovered:
D:1:      eino_arrival_water_cross, layout_rooms, minmay_hexomino_f4
D:2:      layout_rooms, serial_co_window_serial, co_window_of_opportunity_a,
          co_window_of_opportunity_a, co_window_cross_1,
          co_window_of_opportunity_a, co_window_corner_a, co_window_paths_a,
          co_window_of_opportunity_a, co_window_broadway_b, co_window_paths_c,
          co_window_corner_b, co_window_unsneaky_path_c, co_window_4corner_b,
          glass_columns_b, glass_columns_b, glass_columns_a,
          hellmonk_ecumenical_altar_the_god_not_taken
D:3:      cheibrodos_greedy_goblins, layout_loops_ring, minmay_misc_feat_x
D:4:      layout_basic, serial_shops, shop, uniq_grinder
D:5:      minmay_angry_zag, layout_rooms, grunt_dithmenos_smoke,
          lemuel_tele_altar, makhleb_heckhound_becter, serial_shops, shop,
          kennysheep_little_box, nicolae_inconvenience_store, shop,
          serial_corexii_hall, corexii_hall_statues_x, corexii_hall_statues_i,
          corexii_hall_statues_t, corexii_hall_statues_t,
          chequers_hall_statues_wall_a
D:6:      nicolae_BIG_FREAKIN_CUBE, layout_layer_cave, ashenzari_altar_1,
          lemuel_zombie_altar_kikubaaqudgha, uniq_prince_ribbit1, uniq_maggie
D:7:      layout_basic, lemuel_doored_altar, fedhas_altar_3,
          mainiacjoe_overflow_alcove_1, minmay_temple_entry_crystal_x,
          kennysheep_small_circle
D:8:      layout_layer_cave, marbit_many_paths, nicolae_qazlal_eye_of_the_storm,
          xom_butterflies, mainiacjoe_overflow_surrounded_room,
          nemelex_xobeh_ov_fountains_minmay, serial_demonic, serial_demonic_d,
          serial_demonic_g, serial_demonic_a, serial_demonic_b
D:9:      minmay_the_grid_triangle_9x9_recursive_2
          [minmay_the_grid_triangle_9x9_prize_insulated,
          minmay_the_grid_triangle_9x9_skeleton,
          minmay_the_grid_triangle_9x9_zippers_vertical,
          minmay_the_grid_triangle_9x9_minimal], layout_grid_maze,
          worldfamousw_hep_ancestral_shrine, uniq_grum

Skill      XL: |  1  2  3  4  5  6  7  8  9 10 |
---------------+-------------------------------+-----
Dodging        | 2 3 4 5 |  5.3
Shapeshifting  | 4 5 6 7 8 |  8.1
Unarmed Combat | 4 5 6 7 8 |  8.7
Fighting       | 2 3 4 5 |  5.4
Staves         | 3 6 8 |  8.3

Action                     |  1- 3 |  4- 6 |  7- 9 | 10-12 || total
---------------------------+-------+-------+-------+-------++-------
  Melee: Unarmed           |    73 |    51 |    92 |       ||   216
         Tailslap          |    10 |     7 |    25 |    21 ||    63
         Punch             |     1 |       |     3 |       ||     4
         Quarterstaff      |       |       |   132 |    78 ||   210
  Throw: Javelin           |       |       |     2 |     1 ||     3
         Dart              |       |       |       |     1 ||     1
 Invoke: Berserk           |       |     5 |     7 |     2 ||    14
         Trog's Hand       |       |       |     1 |       ||     1
Ability: Nullifying Breath |       |       |     9 |     2 ||    11
  Evoke: Wand              |       |       |       |     1 ||     1
    Use: Scroll            |       |     2 |     2 |     1 ||     5
         Potion            |       |       |       |     1 ||     1
   Stab: Sleeping          |       |       |     2 |       ||     2
 Armour: Skin              |    36 |    23 |   147 |    37 ||   243
  Dodge: Dodged            |    37 |    18 |   141 |    37 ||   233

Table legend: (Time is in decaauts)
 A = Elapsed time spent in this place.
 B = Non-inter-level travel time spent in this place.
 C = Inter-level travel time spent in this place.
 D = Time resting spent in this place.
 E = Time spent auto-exploring this place.
 F = Levels seen in this place.
 G = Mean time per level.
                   A        B        C        D        E       F      G
               +--------+--------+--------+--------+--------+-----+--------+
         Total |   8974 |   8974 |      0 |   1850 |   5213 |   9 |  997.1 |
       Dungeon |   8974 |   8974 |      0 |   1850 |   5213 |   9 |  997.1 |
               +--------+--------+--------+--------+--------+-----+--------+

Top non-repeatable levels by time:
     D:8: 1594 daAuts
     D:6: 1554 daAuts
     D:5: 1303 daAuts
     D:3: 1107 daAuts
     D:2: 939 daAuts
     D:7: 826 daAuts
     D:4: 821 daAuts
     D:9: 452 daAuts
     D:1: 374 daAuts
